 Dungeon Crawl Stone Soup version 0.31-a0-640-g39d97e502b (webtiles) character file.

Game seed: 12598327826977738424

784 qw the Skirmisher (level 7, 0/44 HPs)
             Began as a Gargoyle Hunter on Aug 27, 2023.
             Slain by Pikel
             ... wielding a +2 whip of electrocution
              (3 damage)
             ... on level 5 of the Dungeon.
             The game lasted 00:01:34 (3201 turns).

qw the Skirmisher (Gargoyle Hunter)                 Turns: 3201, Time: 00:01:34

Health: 0/44       AC: 16    Str: 14    XL:     7   Next: 86%
Magic:  7/7        EV: 11    Int: 10    God:
Gold:   302        SH:  0    Dex: 15    Spells: 6/6 levels left

rFire   . . .        Y - +3 shortbow
rCold   . . .        (shield currently unavailable)
rNeg    + . .        g - +0 ring mail
rPois   inf          b - +0 helmet
rElec   +            (no cloak)
rCorr   .            e - +0 pair of gloves
SInv    .            (no boots)
Will    .....        (no amulet)
Stlth   +            k - +4 ring of protection
HPRegen 0.27/turn    (no ring)
MPRegen 0.10/turn

%: no passive effects
@: no status effects
A: sickness immunity, AC +4, negative energy resistance 1, electricity
resistance, torment resistance 1, petrification resistance
a: no special abilities


You were on level 5 of the Dungeon.
You visited 1 branch of the dungeon, and saw 5 of its levels.
You also visited: Sewer.

You collected 302 gold pieces.


Innate Abilities, Weirdness & Mutations

You are immune to sickness and miasma.
Your stone body is resilient. (AC +4)
You are immune to poison.
You resist negative energy. (rN+)
You are resistant to electric shocks. (rElec)
You are resistant to unholy torment.
You are immune to petrification.


   Skills:
 - Level 5.0 Fighting
 - Level 8.2 Ranged Weapons
 - Level 2.0 Armour
 + Level 1.5 Dodging
 - Level 1.1 Stealth


You had 6 spell levels left.
You didn't know any spells.
Your spell library was empty.

Inventory:

Hand Weapons
 Y - a +3 shortbow (weapon)
Armour
 b - a +0 helmet (worn)
 e - a +0 pair of gloves (worn)
 g - a +0 ring mail (worn)
Jewellery
 k - a +4 ring of protection (left hand)
Scrolls
 a - a scroll of identify
Potions
 c - a potion of mutation
 d - a potion of might
 f - a potion of degeneration {unknown}
 h - a potion of attraction {unknown}
 i - a potion of enlightenment
 j - a potion of brilliance {unknown}
 l - a potion of invisibility {unknown}

Dungeon Overview and Level Annotations

Branches:
Dungeon (5/15)              Sewer (visited)
 Temple: D:4-7

Altars:
Elyvilon

Annotations:
D:5 Pikel


Message History

The orc wizard flickers and vanishes!
Deactivating autopickup; reactivate with Ctrl-A.
You shoot an arrow. The arrow hits Pikel.
Pikel is heavily wounded.
Pikel hits you but does no damage.
You shoot an arrow. The arrow hits Pikel.
Pikel is heavily wounded.
Pikel hits you with a +2 whip of electrocution.
You shoot an arrow. The arrow completely misses Pikel.
The arrow hits the lemure.
The lemure is heavily wounded.
Pikel hits you with a +2 whip of electrocution!
You shoot an arrow.
The arrow hits Pikel but does no damage.
Pikel is heavily wounded.
Pikel hits you but does no damage.
You shoot an arrow. The arrow hits Pikel.
Pikel is severely wounded.
Pikel hits you but does no damage.
You shoot an arrow. The arrow closely misses Pikel.
The arrow closely misses the lemure.
Pikel misses you.
You shoot an arrow. The arrow hits Pikel.
Pikel is severely wounded.
Pikel hits you with a +2 whip of electrocution.
You shoot an arrow. The arrow closely misses Pikel.
The arrow hits the lemure.
The lemure is heavily wounded.
Pikel hits you with a +2 whip of electrocution.
You shoot an arrow. The arrow hits Pikel.
Pikel is almost dead.
Pikel hits you with a +2 whip of electrocution.
You shoot an arrow. The arrow hits Pikel.
Pikel is almost dead.
Pikel barely misses you.
Pikel hits you with a +2 whip of electrocution!
You shoot an arrow. The arrow barely misses Pikel.
The arrow hits the lemure.
The lemure is severely wounded.
Pikel hits you with a +2 whip of electrocution.
You die...
Pikel says, "Another soul for the market."

##### #######
########o..#
......####......55o.#
#####......#####K#5.#
#.###..# #@#55#
#####.# ##.# #.#..#
...##.# #.# #.#55#
...##.# #.# ..#c$.
#####.# #.# ###o#.#
..# ..# .#.# ##. ..#
..# ...#


You could see Pikel, 2 lemures and an orc.

Vanquished Creatures
  Pargi (Sewer)
  2 ogres
  A centaur (D:5)
  A lemure (D:5)
  A phantom (D:5)
  2 orc priests (D:3)
  3 hounds
  An iguana (D:4)
  2 orc wizards (D:3)
  5 adders
  4 worms
  3 dart slugs
  6 orcs (D:3)
  3 bats
  7 endoplasms
  10 giant cockroaches
  5 goblins
  7 hobgoblins
  3 jackals (D:3)
  9 kobolds
  2 quokkas (D:3)
  3 ball pythons (D:3)
  2 frilled lizards
  9 rats
92 creatures vanquished.

Notes
Turn   | Place    | Note
-------+----------+-------------------------------------------
     0 | D:1      | qw the Gargoyle Hunter began the quest for the Orb.
     0 | D:1      | Reached XP level 1. HP: 12/12 MP: 1/1
     0 | D:1      | 0 ||| qw: Version: 0.3-a-74-g0d5e918
     0 | D:1      | 0 ||| qw: Game counter: 166
     0 | D:1      | 0 ||| qw: Melee chars always use a shield: true
     0 | D:1      | 0 ||| qw: God list: Okawaru
     0 | D:1      | 0 ||| qw: Allow faded altars: false
     0 | D:1      | 0 ||| qw: Do Orc after clearing Dungeon:15 true
     0 | D:1      | 0 ||| qw: Do second Lair branch before Depths: true
     0 | D:1      | 0 ||| qw: Lair rune preference: random
     0 | D:1      | 0 ||| qw: Goals: Normal
     0 | D:1      | 0 ||| PLANNING D:1-11
   382 | D:1      | Reached XP level 2. HP: 17/17 MP: 2/2
   661 | D:1      | Found a faded altar of an unknown god.
   804 | D:1      | 804 ||| UPGRADING to +0 ring mail.
   814 | D:1      | 814 ||| DROPPING +0 leather armour.
   815 | D:1      | 815 ||| READING 2 scrolls labelled ANWEYB HEIL.
   816 | D:1      | 816 ||| READING 2 scrolls labelled ENOSAYM JAMUCO.
   817 | D:1      | 817 ||| READING scroll of enchant weapon.
   817 | D:1      | 817 ||| ENCHANTING +1 shortbow.
   818 | D:1      | 818 ||| READING scroll labelled ELOAGI RUOFINO GAPN.
   819 | D:1      | 819 ||| DROPPING scroll of butterflies.
   865 | D:2      | Reached skill level 1 in Armour
   888 | D:2      | Reached XP level 3. HP: 12/21 MP: 3/3
   982 | D:2      | Reached skill level 5 in Ranged Weapons
  1167 | D:2      | Reached XP level 4. HP: 20/27 MP: 4/4
  1405 | D:2      | Reached skill level 3 in Fighting
  1495 | D:2      | 1495 ||| UPGRADING to +0 pair of gloves.
  1500 | D:2      | 1500 ||| UPGRADING to +4 ring of protection.
  1501 | D:2      | 1501 ||| READING scroll labelled OCLUUWKIEN.
  1502 | D:2      | 1502 ||| READING scroll labelled WYLOGI AFFEB.
  1505 | D:2      | 1505 ||| READING scroll labelled SELAYR IKHLAE.
  1506 | D:2      | 1506 ||| DRINKING 2 metallic purple potions.
  1507 | D:2      | 1507 ||| READING 2 scrolls of identify.
  1507 | D:2      | 1507 ||| IDENTIFYING puce potion
  1522 | D:3      | 1522 ||| PLANNING SEWER
  1543 | D:3      | 1543 ||| RETREATING.
  1547 | D:3      | 1547 ||| FLEEEEING.
  1554 | D:3      | 1554 ||| STAIRDANCE
  1592 | D:3      | 1592 ||| Stepping ~*~*~tactically~*~*~ (outnumbered).
  1604 | D:3      | HP: 7/28 [something (1)]
  1605 | D:3      | 1605 ||| DRINKING potion of heal wounds.
  1613 | D:3      | Reached XP level 5. HP: 31/32 MP: 5/5
  1635 | D:3      | Reached skill level 6 in Ranged Weapons
  1809 | D:3      | 1809 ||| Stepping ~*~*~tactically~*~*~ (water).
  1828 | D:3      | 1828 ||| Stepping ~*~*~tactically~*~*~ (water).
  1828 | D:3      | Found a glowing drain.
  1837 | D:3      | 1837 ||| UPGRADING to +0 helmet.
  1842 | D:3      | 1842 ||| READING 2 scrolls of identify.
  1842 | D:3      | 1842 ||| IDENTIFYING silvery potion
  1857 | Sewer    | Entered a sewer
  1894 | Sewer    | Noticed Pargi
  1916 | Sewer    | Killed Pargi
  1917 | Sewer    | Reached XP level 6. HP: 13/40 MP: 6/6
  2097 | Sewer    | 2097 ||| READING 2 scrolls of identify.
  2097 | Sewer    | 2097 ||| IDENTIFYING lumpy inky potion
  2111 | D:3      | 2111 ||| PLANNING D:1-11
  2166 | D:3      | Found a white marble altar of Elyvilon.
  2487 | D:4      | Reached XP level 7. HP: 36/44 MP: 7/7
  2575 | D:4      | 2575 ||| STAIRDANCE
  2669 | D:4      | Reached skill level 7 in Ranged Weapons
  2683 | D:4      | 2683 ||| STAIRDANCE
  2963 | D:5      | Entered Level 5 of the Dungeon
  3042 | D:5      | 3042 ||| READING scroll of enchant weapon.
  3042 | D:5      | 3042 ||| ENCHANTING +2 shortbow.
  3053 | D:5      | 3053 ||| FLEEEEING.
  3055 | D:5      | 3055 ||| FLEEEEING.
  3159 | D:5      | Noticed Pikel
  3160 | D:5      | 3160 ||| RETREATING.
  3164 | D:5      | 3164 ||| RETREATING.
  3184 | D:5      | Reached skill level 8 in Ranged Weapons
  3198 | D:5      | HP: 10/44 [Pikel/+2 whip of electrocution (5)]
  3200 | D:5      | HP: 3/44 [Pikel/+2 whip of electrocution (7)]
  3201 | D:5      | Slain by Pikel

Levels and vault maps discovered:
D:1:      dpeg_arrival_three_bigger_balls, layout_basic,
          chequers_ecumenical_altar_simple
D:2:      layout_basic, minmay_tetromino_l4
D:3:      layout_rooms, nicolae_overflow_hidden_temple, serial_glass,
          glass_columns_c, glass_columns_a, gup_sewer_entry_pipe
D:4:      layout_cave_pools
D:5:      layout_basic, mainiacjoe_overflow_24_doors, roderic_lattice_a,
          minmay_holes, uniq_pikel, uniq_ijyb, uniq_grinder

Skill      XL: |  1  2  3  4  5  6  7 |
---------------+----------------------+-----
Armour         | 1 2 |  2.0
Ranged Weapons | 5 6 8 |  8.2
Fighting       | 3 5 |  5.0
Dodging        | |  1.5
Stealth        | |  1.1

Action                     |  1- 3 |  4- 6 |  7- 9 || total
---------------------------+-------+-------+-------++-------
   Fire: Shortbow          |    99 |   191 |    92 ||   382
    Use: Scroll            |     4 |     6 |     1 ||    11
         Potion            |       |     2 |       ||     2
 Armour: Leather armour    |     3 |       |       ||     3
         Ring mail         |    20 |    80 |    26 ||   126
  Dodge: Dodged            |    31 |    50 |    24 ||   105

Table legend:
 A = Non-vault XP
 B = Vault XP
 C = Vault XP percentage of total XP
 D = Non-vault monster count
 E = Vault monster count
 F = Vault count percentage of total count
                 A         B        C        D         E       F
            +---------+---------+-------+---------+---------+-------
      Total |     949 |     171 |  15.3 |      72 |      19 |  20.9
            +---------+---------+-------+---------+---------+-------
        D:1 |      14 |       0 |   0.0 |       7 |       0 |   0.0
        D:2 |      86 |       8 |   8.5 |      21 |       3 |  12.5
        D:3 |     202 |      20 |   9.0 |      26 |      10 |  27.8
        D:4 |     229 |       0 |   0.0 |      13 |       0 |   0.0
        D:5 |     418 |       0 |   0.0 |       5 |       0 |   0.0
      Sewer |       0 |     143 | 100.0 |       0 |       6 | 100.0
            +---------+---------+-------+---------+---------+-------
